 Dungeon Crawl Stone Soup version 0.28.0-45-g0d030f2227 (webtiles) character file.

Game seed: 13792055549994991595

74 raph the Magician (level 4, -2/32 HPs)
             Began as a Djinni Fire Elementalist on May 7, 2022.
             Killed from afar by Natasha (9 damage)
             ... with a magic dart
             ... on level 2 of the Dungeon.
             The game lasted 00:03:29 (3500 turns).

raph the Magician (Djinni Fire Elementalist)        Turns: 3500, Time: 00:03:30

Health: -2/32      AC:  3    Str:  7    XL:     4   Next: 54%
Gold:   41         EV: 13    Int: 18    God:
                   SH:  0    Dex: 14

rFire   + + .      SeeInvis .   f - +0 mace
rCold   x . .      Faith    .   (no shield)
rNeg    . . .      Spirit   .   a - +0 robe
rPois   ∞          Reflect  .   d - +0 helmet
rElec   .          Harm     .   (no cloak)
rCorr   .          Rampage  .   (no gloves)
Will    .....                   (boots unavailable)
Stlth   ++........              (no amulet)
HPRegen 0.10/turn               (no ring)
MPRegen 0.00/turn               (no ring)

@: flying, slowed, very slow
A: sickness immunity, fire resistance 2, cold vulnerability 1, float, innate
caster, HP casting, extra vitality 1
a: no special abilities


You were on level 2 of the Dungeon.
You visited 1 branch of the dungeon, and saw 2 of its levels.

You collected 67 gold pieces.
You spent 26 gold pieces at shops.

Inventory:

Hand Weapons
 f - a +0 mace (weapon)
Armour
 a - a +0 robe (worn)
 d - a +0 helmet (worn)
Scrolls
 i - a scroll of amnesia {unknown}
Potions
 b - a potion of curing
 c - a potion of mutation {unknown}
 e - a potion of flight {unknown}
 g - 2 potions of magic
 h - a potion of berserk rage {unknown}


   Skills:
 + Level 1.5 Fighting
 + Level 2.9 Dodging
 + Level 2.1 Stealth
 * Level 3.1 Spellcasting


You couldn't memorise any spells.
You knew the following spells:

 Your Spells              Type           Power      Damage    Failure   Level
a - Foxfire               Conj/Fire      56%        2x1d6     4%          1
b - Scorch                Fire           28%        2d6       7%          2
c - Conjure Flame         Conj/Fire      14%        6-21      14%         3
d - Inner Flame           Hex/Fire       14%        N/A       14%         3
e - Flame Wave            Conj/Fire      14%        2d6       41%         4
f - Sting                 Tmut/Pois      56%        1d5       4%          1
Your spell library was empty.

Dungeon Overview and Level Annotations

Branches:
Dungeon (2/15)

Altars:
Wu Jian

Shops:
D:1 ?   D:2 ?

Annotations:
D:2 Natasha


Innate Abilities, Weirdness & Mutations

You are immune to sickness and miasma.
You are immune to poison.
Your flesh is very heat resistant. (rF++)
You are vulnerable to cold. (rC-)
You float through the air rather than walking.
You learn spells naturally, not from books.
Your magical power is your life essence.
You have superior vitality. (+4 MHP)


Message History

Natasha closely misses you.
The crimson imp hits you but does no damage.
Natasha claws you.
Casting: Foxfire (safe; 4% risk of failure)
Confirm with . or Enter, or press ? or * to list all spells.
You conjure some foxfire!
The foxfire hits the crimson imp.
The crimson imp completely resists.
The foxfire hits Natasha.
Natasha is heavily wounded.
The crimson imp grins evilly.
The crimson imp blinks!
Natasha casts a spell at you.
You feel as though you will be slow longer.
You hit Natasha.
Natasha is heavily wounded.
The foxfire hits Natasha.
Natasha is severely wounded.
The foxfire hits the crimson imp.
The crimson imp completely resists.
Natasha barely misses you. Natasha closely misses you.
Casting: Foxfire (safe; 4% risk of failure)
Confirm with . or Enter, or press ? or * to list all spells.
You conjure some foxfire!
Natasha barely misses you. The crimson imp puffs mist at you.
Natasha casts a spell at you.
You feel as though you will be slow longer.
You closely miss Natasha.
Natasha is severely wounded.
The foxfire hits Natasha.
Natasha is almost dead.
The foxfire hits Natasha.
Natasha is almost dead.
Natasha barely misses you. Natasha claws you.
* * * LOW HITPOINT WARNING * * *
Casting: Foxfire (safe; 4% risk of failure)
Confirm with . or Enter, or press ? or * to list all spells.
You conjure some foxfire!
* * * LOW HITPOINT WARNING * * *
The crimson imp blinks!
Natasha stares at you and mumbles some strange words.
The magic dart hits you!
You die...

######### ........#
.......=################
..
.......hv.....>.........
.#
......§@#.##############
.# [>.....v#.# .#
.5......#.# .#
........#.# .#
........#.# .#######
#########.# .##....# #.#
.##....# #########.#
.##....###.......#.#


You could see Natasha (ally target) and a crimson imp (summoned, ally target).

Vanquished Creatures
  Robin (D:2)
  2 adders (D:2)
  A worm (D:1)
  4 ball pythons
  2 bats
  4 endoplasms
  A giant cockroach (D:1)
  11 goblins
  4 hobgoblins
  3 jackals (D:2)
  A quokka (D:1)
  2 frilled lizards (D:1)
  A kobold (D:1)
  2 rats (D:2)
39 creatures vanquished.

Vanquished Creatures (others)
  134 foxfires
134 creatures vanquished.

Grand Total: 173 creatures vanquished

Notes
Turn   | Place    | Note
-------+----------+-------------------------------------------
     0 | D:1      | raph the Djinni Fire Elementalist began the quest for the
                  | Orb.
     0 | D:1      | Reached XP level 1. HP: 15/15 MP: 0/0
   364 | D:1      | Found Pufiedd's Magic Scroll Emporium.
   525 | D:1      | Reached XP level 2. HP: 15/22 MP: 0/0
  1799 | D:2      | Noticed Natasha
  1942 | D:2      | Noticed a crimson imp
  2182 | D:1      | Reached XP level 3. HP: 9/26 MP: 0/0
  2182 | D:1      | Learned a level 1 spell: Sting
  2403 | D:2      | Reached skill level 1 in Fighting
  2462 | D:2      | Found a faded altar of an unknown god.
  2948 | D:2      | Found an ornate altar of the Wu Jian Council.
  3018 | D:2      | Found Zainuv's Magic Scroll Shoppe.
  3026 | D:2      | Bought a scroll of identify for 26 gold pieces
  3069 | D:2      | Reached skill level 3 in Spellcasting
  3069 | D:2      | Reached XP level 4. HP: 18/32 MP: 0/0
  3233 | D:2      | Noticed Robin
  3248 | D:2      | Killed Robin
  3500 | D:2      | Killed from afar by Natasha

Illustrated notes

Levels and vault maps discovered:
D:1:      dpeg_arrival_signposts, layout_loops_corners, serial_shops,
          shop_statue, roderic_cross_of_infinity
D:2:      layout_basic, basic_altar, ebering_ecumenical_altar_hall,
          serial_shops, shop, kennysheep_crisscross, uniq_robin, uniq_natasha

Skill      XL: |  1  2  3 |
---------------+----------+-----
Fighting       | 1 |  1.5
Stealth        | 2 |  2.1
Spellcasting   | 3 |  3.1
Dodging        | |  2.9

Action                   |  1- 3 |  4- 6 || total
-------------------------+-------+-------++-------
Melee: Mace              |    14 |     2 ||    16
       Punch             |     1 |       ||     1
 Cast: Foxfire           |    54 |    29 ||    83
       Scorch            |     5 |       ||     5
  Use: Scroll            |     3 |       ||     3
 Stab: Sleeping          |     1 |       ||     1
Armor: Robe              |     6 |     1 ||     7
Dodge: Dodged            |    38 |    10 ||    48
